cohdb
Replays
Latest Replays
All Replays
Popular Replays
Top Player Replays
Match Explorer
How It Works
Community
CoH3 Stats
Reddit
Sign in to upload your games and track your stats! →
Sign in with Steam
Match 38912773
Unlisted
Match 38912773
Overview
Messages
Build Orders
End
250 Light Carrier
Panzergrenadier Squad
Panzergrenadier Squad
Panzergrenadier Squad
Construct Light Support Kompanie
Fire Support Elements
Panzerjäger Mechanized Group
Advanced Field Repairs
Selects Armored Support Battlegroup
Selects Veteran Gunners
Flakvierling Half-track
Veteran Squad Leaders
Vehicle Survival Package
Construct Panzerarmee Kommand
Walking Stuka Rocket Launcher
Selects Flammpanzer III Medium Tank
Flammpanzer III Medium Tank
Panzer III L Medium Tank
Panzer III L Medium Tank
Selects Salvage Kits
Selects Panzer Storm
Tungsten Core Ammunition
Panzerpioneer Squad
Emergency Repair Kits
Rapid Advance
Selects Stuka Anti-tank Loiter
Stuka Anti-tank Loiter
Musketeer
Overlord
TacticalVanguard
soldmydadformeth
Bebbo
BERKSHIRE10
iPlayThisNaked
Tanith's Finest
0
0
Comments
sign in to comment!
No comments posted yet!